 Dungeon Crawl Stone Soup version 0.31-a0-1338-gb567cfdca4 (webtiles) character file.

Game seed: 13265125393091825228

93 jasper the Trooper (level 4, -1/48 HPs)
             Began as a Troll Fighter on Dec 22, 2023.
             Was a Follower of Okawaru.
             Succumbed to Sigmund's poison
             ... on level 3 of the Dungeon.
             The game lasted 00:03:04 (1579 turns).

jasper the Trooper (Troll Fighter)                  Turns: 1579, Time: 00:03:05

Health: -1/48      AC:  6    Str: 23 (26) XL:     4   Next: 36%
Magic:  4/4        EV:  8    Int:  2 (4)  God:    Okawaru [*.....]
Gold:   133        SH:  7    Dex:  7 (9)  Spells: 3/3 levels left

rFire   . . .        (no weapon)
rCold   . . .        c - +0 kite shield
rNeg    . . .        b - +0 robe
rPois   .            k - +1 hat
rElec   .            o - +0 cloak
rCorr   .            (gloves unavailable)
SInv    .            (boots unavailable)
Will    +....        (no amulet)
Stlth   +            (no ring)
HPRegen 1.08/turn    (no ring)
MPRegen 0.09/turn

%: no passive effects
@: mighty, lethally poisoned (-1 -> -12), enlightened, flying, hasted, very
quick
A: large, unfitting armour, claws 3, regeneration 1, shaggy fur 1, tough skin 1
a: Renounce Religion, Heroism


You were on level 3 of the Dungeon.
You worshipped Okawaru.
Okawaru was aware of your devotion.
You visited 1 branch of the dungeon, and saw 3 of its levels.

You collected 133 gold pieces.

Inventory:

Hand Weapons
 a - a +1 flail
Missiles
 g - 22 stones
 r - 4 boomerangs
Armour
 b - a +0 robe (worn)
 c - a +0 kite shield (worn)
 k - a +1 hat (worn)
 o - a +0 cloak (worn)
Jewellery
 e - a ring of wizardry
 m - a ring of ice
Wands
 q - a wand of flame (19)
Potions
 j - a potion of heal wounds
 l - 2 potions of enlightenment


   Skills:
 + Level 3.8 Fighting
 - Level 1.7 Maces & Flails
 - Level 2.4 Dodging
 - Level 2.6 Shields
 + Level 1.9 Invocations


You had 3 spell levels left.
You didn't know any spells.
Your spell library contained the following spells:

 Spells                   Type           Power      Damage    Failure   Level
 Freeze                   Ice            0%         1d3       83%         1
 Frozen Ramparts          Ice            0%         1d1       99%         3
 Hailstorm                Conj/Ice       0%         3d5       99%         3
 Sigil of Binding         Hex            0%         N/A       99%         3
 Dimensional Bullseye     Hex/Tloc       0%         N/A       100%        4
 Call Canine Familiar     Summ           Unusable   N/A       N/A         3

Dungeon Overview and Level Annotations

Branches:
Dungeon (3/15)

Altars:
Okawaru
Qazlal
Vehumet
The Shining One

Annotations:
D:3 Sigmund


Innate Abilities, Weirdness & Mutations

You are too large for most types of armour.
You have claws for hands.
Your natural rate of healing is unusually fast.
You are covered in fur. (AC +1)
You have tough skin. (AC +1)


Message History

You are more poisoned.
You take 10 damage, and have 20/48 hp.
MASSIVE DAMAGE!!
You claw something!
You feel very sick. Something hits you!
* * * LOW HITPOINT WARNING * * *
You are lethally poisoned!
You take 10 damage, and have 10/48 hp.
MASSIVE DAMAGE!!
You miss something.
* * * LOW HITPOINT WARNING * * *
You feel extremely sick.
You take 6 damage, and have 4/48 hp.
It was a potion of heal wounds.
You feel much better.
You feel very sick. Something hits you!
You are lethally poisoned!
You regained 13 hp, and now have 17/48 hp.
It was a potion of enlightenment.
You feel very buoyant.
You fly up into the air.
* * * LOW HITPOINT WARNING * * *
You feel extremely sick. Something hits you.
* * * LOW HITPOINT WARNING * * *
You take 8 damage, and have 9/48 hp.
It was a potion of degeneration.
There was something very wrong with that liquid.
You feel weakened.
You feel dopey.
You feel clumsy.
* * * LOW HITPOINT WARNING * * *
You feel very sick.
You take 4 damage, and have 5/48 hp.
Okay, then.
You feel yourself speed up.
* * * LOW HITPOINT WARNING * * *
You feel very sick. Something hits you but does no damage.
You are more poisoned.
You take 3 damage, and have 2/48 hp.
You feel very mighty all of a sudden.
You die...

#### #### ...
#....
####{######.....
#....@.......#
#.##.#......#.##
#...#.......#
######....#..#
.......##.#..#####
..................
....##.#.(##.#####
###. #.#.## # #
#.#.###.#


There were no monsters in sight!

Vanquished Creatures
  4 adders
  A worm (D:2)
  2 dart slugs (D:1)
  6 endoplasms
  3 giant cockroaches
  6 goblins
  4 hobgoblins
  5 jackals (D:2)
  A quokka (D:1)
  4 ball pythons
  2 bats (D:3)
  4 frilled lizards
  3 kobolds (D:1)
  6 rats
51 creatures vanquished.

Notes
Turn   | Place    | Note
-------+----------+-------------------------------------------
     0 | D:1      | jasper the Troll Fighter began the quest for the Orb.
     0 | D:1      | Reached XP level 1. HP: 22/22 MP: 0/0
   354 | D:1      | Found a faded altar of an unknown god.
   357 | D:1      | Reached XP level 2. HP: 29/29 MP: 1/1
   361 | D:1      | Reached skill level 3 in Fighting
   365 | D:1      | Prayed at the altar of an unknown god.
   365 | D:1      | Became a worshipper of Warmaster Okawaru
   365 | D:1      | Reached * piety under Okawaru
   709 | D:2      | Reached XP level 3. HP: 37/37 MP: 2/2
   824 | D:2      | Reached skill level 1 in Invocations
   967 | D:2      | Reached XP level 4. HP: 48/48 MP: 4/4
  1211 | D:2      | Found a glowing golden altar of the Shining One.
  1481 | D:3      | Found a radiant altar of Vehumet.
  1512 | D:3      | Found a stormy altar of Qazlal.
  1558 | D:3      | Noticed Sigmund
  1578 | D:3      | HP: 2/48 [poisoned by Sigmund]
  1579 | D:3      | Succumbed to Sigmund's poison

Illustrated notes

Levels and vault maps discovered:
D:1:      amcnicky_arrival_choice, layout_loops_cross,
          ebering_ecumenical_altar_hall, solitary_fountain
D:2:      minmay_skewed_foursquare, layout_rooms, basic_altar, minmay_tromino_v7
D:3:      layout_loops_ring, mainiacjoe_overflow_surrounded_room,
          mainiacjoe_overflow_paths, lemuel_tele_altar,
          pdpol_wu_jian_five_deadly_venoms, uniq_sigmund

Skill      XL: |  1  2  3 |
---------------+----------+-----
Fighting       | 3 |  3.8
Invocations    | 1 |  1.9
Maces & Flails | |  1.7
Dodging        | |  2.4
Shields        | |  2.6

Action                     |  1- 3 |  4- 6 || total
---------------------------+-------+-------++-------
  Melee: Unarmed           |   131 |    31 ||   162
    Use: Scroll            |       |     5 ||     5
         Potion            |       |     5 ||     5
 Armour: Robe              |    72 |    16 ||    88
  Dodge: Dodged            |    42 |     8 ||    50
  Block: Kite shield       |    44 |     8 ||    52

Table legend: (Time is in decaauts)
 A = Elapsed time spent in this place.
 B = Non-inter-level travel time spent in this place.
 C = Inter-level travel time spent in this place.
 D = Time resting spent in this place.
 E = Time spent auto-exploring this place.
 F = Levels seen in this place.
 G = Mean time per level.
                   A        B        C        D        E       F      G
               +--------+--------+--------+--------+--------+-----+--------+
         Total |   1598 |   1534 |     64 |      4 |   1082 |   3 |  532.7 |
       Dungeon |   1598 |   1534 |     64 |      4 |   1082 |   3 |  532.7 |
               +--------+--------+--------+--------+--------+-----+--------+

Top non-repeatable levels by time:
     D:2: 726 daAuts
     D:1: 678 daAuts
     D:3: 192 daAuts
